 Dungeon Crawl Stone Soup version 0.27-a0-1139-g28e009f8a6 (webtiles) character file.

Game seed: 14594406348831476313

83 leviel the Shield-Bearer (level 4, -2/37 HPs)
             Began as a Formicid Fighter on May 7, 2021.
             Slain by an ogre
             ... wielding a +0 giant club
              (17 damage)
             ... on level 4 of the Dungeon.
             The game lasted 00:02:00 (3064 turns).

leviel the Shield-Bearer (Formicid Fighter)         Turns: 3064, Time: 00:02:00

Health: -2/37      AC:  9    Str: 21    XL:     4   Next: 71%
Magic:  4/4        EV:  8    Int:  8    God:
Gold:   123        SH:  9    Dex: 10    Spells: 3/3 levels left

rFire    . . .     SeeInvis +   a - +0 war axe
rCold    . . .     Faith    .   c - +0 kite shield
rNeg     . . .     Spirit   .   b - +0 scale mail
rPois    .         Reflect  .   (helmet unavailable)
rElec    .         Harm     .   l - +0 cloak
rCorr    .         Rampage  .   (no gloves)
Will     .....                  e - +0 pair of boots
Stlth    ..........             (no amulet)
HPRegen  0.12/turn              (no ring)
MPRegen  0.09/turn              (no ring)

@: mighty
A: permanent stasis, dig shafts and tunnels, antennae 3, four strong arms
a: Dig, Shaft Self


You were on level 4 of the Dungeon.
You visited 1 branch of the dungeon, and saw 4 of its levels.

You collected 123 gold pieces.

Inventory:

Hand Weapons
 a - a +0 war axe (weapon)
Armour
 b - a +0 scale mail (worn)
 c - a +0 kite shield (worn)
 e - a +0 pair of boots (worn)
 l - a +0 cloak (worn)
Scrolls
 f - a scroll of fog {unknown}
 g - 2 scrolls of brand weapon {unknown}
 h - a scroll of teleportation {unknown}
 i - a scroll of vulnerability {unknown}
 j - 2 scrolls of identify {unknown}
 k - a scroll of amnesia {unknown}
 n - 2 scrolls of enchant armour {unknown}
Potions
 m - a potion of mutation {unknown}


   Skills:
 * Level 3.8 Fighting
 + Level 2.7 Axes
 + Level 3.9 Armour
 + Level 0.3 Dodging
 + Level 4.4 Shields


You had 3 spell levels left.
You didn't know any spells.
Your spell library contained the following spells:

 Spells                   Type           Power      Damage    Failure   Level
 Summon Small Mammal      Summ           0%         N/A       97%         1
 Call Imp                 Summ           0%         N/A       99%         2
 Call Canine Familiar     Summ           0%         N/A       100%        3
 Summon Guardian Golem    Hex/Summ       0%         N/A       100%        3
 Summon Ice Beast         Ice/Summ       0%         N/A       100%        4
 Summon Lightning Spire   Summ/Air       0%         N/A       100%        4


Dungeon Overview and Level Annotations

Branches:
Dungeon (4/15)
 Temple: D:4-7

Altars:
Makhleb


Innate Abilities, Weirdness & Mutations

You cannot be hasted, slowed, berserked, paralysed or teleported.
You can dig through walls and to a lower floor.
You have a pair of large antennae on your head. (SInv)
Your four strong arms can wield two-handed weapons with a shield.


Message History

There is an open door here.
You open the door.
There is an open door here.
You open the door.
There is an open door here.
Key pressed, stopping explore.
There is an open door here.
There is an escape hatch in the floor here.
You see here a +0 trident.
Things that are here:
a +0 whip; a +0 whip; a +0 leather armour No target in view!
Found a robe.
Found a long sword.
You open the door.
There is an open door here.
Done exploring.
Done exploring.
(D) Dungeon
Where to? (Enter - D:3, ? - help)
What level of the Dungeon? (default 1, ? - help)
Okay, then.
(D) Dungeon
Where to? (Enter - D:3, ? - help)
There is a stone staircase leading down here.
You climb downwards.
Found a hand axe and a pair of encrusted gloves.
There is a stone staircase leading up here.
You sense a monster nearby.
No target in view!
No target in view!
An ogre comes into view. It is wielding a +0 giant club.
The ogre shouts!
You feel very mighty all of a sudden.
The ogre hits you with a +0 giant club!!
Ouch! That really hurt!
You slash the ogre!
The ogre is moderately wounded.
The ogre hits you with a +0 giant club!
You die...

########
####......##
#####...........
#...............
#..#.............
#.##.............
{ ...
#....@O.......
...
#.)...<.......
.....
#.............
....
#.............
....
#.............
#.............
#..........[..
#.............
##.........##.


You could see an ogre.

Vanquished Creatures
  2 adders (D:2)
  2 dart slugs
  5 orcs
  5 ball pythons
  3 endoplasms
  A giant cockroach (D:1)
  5 goblins
  5 hobgoblins
  4 jackals (D:1)
  5 kobolds
  2 quokkas (D:2)
  5 bats
  3 frilled lizards
  3 rats
50 creatures vanquished.

Vanquished Creatures (others)
  22 plants (D:3)
22 creatures vanquished.

Grand Total: 72 creatures vanquished

Notes
Turn   | Place    | Note
-------+----------+-------------------------------------------
     0 | D:1      | leviel the Formicid Fighter began the quest for the Orb.
     0 | D:1      | Reached XP level 1. HP: 18/18 MP: 1/1
   344 | D:1      | Reached XP level 2. HP: 24/24 MP: 2/2
   384 | D:1      | Reached skill level 4 in Shields
   669 | D:1      | Reached XP level 3. HP: 29/29 MP: 3/3
  1081 | D:2      | Found a faded altar of an unknown god.
  1209 | D:2      | Found a burning altar of Makhleb.
  1370 | D:2      | Reached XP level 4. HP: 31/37 MP: 4/4
  3059 | D:4      | Noticed an ogre
  3064 | D:4      | Slain by an ogre

Illustrated notes

Levels and vault maps discovered:
D:1:      eino_arrival_cavern_d, layout_basic
D:2:      layout_basic, basic_altar, ebering_ecumenical_altar_box,
          minmay_indecisive_spiral
D:3:      layout_basic, kennysheep_boxes
D:4:      layout_cave_pods, general_overflow_altar,
          gammafunk_temple_overflow_forgotten

Skill      XL: |  1  2 |
---------------+-------+-----
Shields        | 4 |  4.4
Fighting       | |  3.8
Axes           | |  2.7
Armour         | |  3.9
Dodging        | |  0.3

Action                   |  1- 3 |  4- 6 || total
-------------------------+-------+-------++-------
Melee: War axe           |    76 |    58 ||   134
  Use: Potion            |       |     1 ||     1
Armor: Scale mail        |    45 |    26 ||    71
Dodge: Dodged            |    34 |    17 ||    51
Block: Kite shield       |    49 |    31 ||    80

Table legend: (Time is in decaauts)
 A = Elapsed time spent in this place.
 B = Non-inter-level travel time spent in this place.
 C = Inter-level travel time spent in this place.
 D = Time resting spent in this place.
 E = Time spent auto-exploring this place.
 F = Levels seen in this place.
 G = Mean time per level.
                   A        B        C        D        E       F      G
               +--------+--------+--------+--------+--------+-----+--------+
         Total |   3134 |   2960 |    174 |      0 |   2594 |   4 |  783.5 |
       Dungeon |   3134 |   2960 |    174 |      0 |   2594 |   4 |  783.5 |
               +--------+--------+--------+--------+--------+-----+--------+

Top non-repeatable levels by time:
     D:2: 1227 daAuts
     D:1: 1023 daAuts
     D:3: 870 daAuts
     D:4: 12 daAuts
